Map: [ESL] Goldenaura

Players

Arrogfire

  • Race: Protoss Protoss
  • Spawn Location: 12:00

Elazer - Winner!

  • Race: Zerg Zerg
  • Spawn Location: 5:00

Event: ESL SC2 Masters 2023 Winter (Regional)

VOD

Have the link to the VOD?

Description

Time

  • Played on: Nov. 2, 2023, 12:10 p.m.
  • Length: 16:48

All games in this series

Show
View Real Time Build Order
Export as new Build Order

Arrogfire Protoss 

Build Orders: 1 Gate Expand, Oracle Opening, Zealot Archon 

Get SALT Encoding   

  12  0:00  Probe  
  13  0:12  Probe  
  14  0:17  Pylon  
  14  0:24  Probe (Chrono Boost)  
  15  0:36  Probe (Chrono Boost)  
  15  0:37  Gateway  
  16  0:44  Probe (Chrono Boost)  
  16  0:46  Assimilator  
  17  0:50  Probe  
  18  1:03  Probe  
  19  1:15  Probe  
  20  1:22  Nexus  
  20  1:32  Cybernetics Core  
  20  1:36  Probe  
  21  1:41  Assimilator  
  21  1:48  Probe  
  21  1:50  Pylon  
  22  2:00  Probe  
  23  2:06  Adept (Chrono Boost)  
  23  2:13  Probe  
  26  2:17  Stargate  
  26  2:26  Adept (Chrono Boost), Probe (Chrono Boost)  
  29  2:31  Warp Gate  
  29  2:35  Probe (Chrono Boost)  
  31  2:43  Probe (Chrono Boost)  
  31  2:44  Probe (Chrono Boost)  
  32  2:48  Adept  
  32  2:49  Probe x2 (Chrono Boost)  
  36  3:01  Oracle (Chrono Boost), Probe x2  
  41  3:10  Pylon  
  41  3:13  Probe x2  
  43  3:25  Probe x2  
  43  3:29  Oracle (Chrono Boost)  
  46  3:37  Probe x2  
  46  3:38  Gateway  
  46  3:49  Probe x2  
  46  3:51  Nexus  
  46  3:53  Pylon  
  48  4:00  Oracle (Chrono Boost)  
  48  4:01  Probe x2  
  53  4:13  Probe x2  
  53  4:15  Assimilator  
  55  4:18  Assimilator  
  55  4:19  Adept, Pylon  
  57  4:25  Twilight Council  
  57  4:26  Probe x2  
  59  4:32  Forge  
  59  4:38  Probe x2  
  61  4:39  Adept  
  63  4:48  Pylon, Adept  
  63  4:50  Probe x2  
  67  4:52  Charge  
  67  5:02  Probe x2  
  67  5:05  Robotics Facility, Probe (Chrono Boost)  
  70  5:17  Sentry, Probe (Chrono Boost)  
  70  5:19  Protoss Ground Weapons Level 1 (Chrono Boost), Shield Battery, Probe x2 (Chrono Boost)  
  71  5:26  Probe (Chrono Boost)  
  71  5:28  Gateway, Probe x2 (Chrono Boost)  
  74  5:29  Gateway  
  74  5:32  Zealot, Probe  
  77  5:38  Probe x2  
  77  5:40  Pylon  
  79  5:44  Probe  
  77  5:50  Probe  
  77  5:51  Probe  
  77  5:56  Observer (Chrono Boost)  
  79  5:57  Gateway  
  79  5:58  Gateway, Probe, Assimilator, Pylon  
  79  6:00  Zealot x2  
  79  6:01  Assimilator  
  79  6:02  Probe  
  85  6:08  Pylon  
  85  6:10  Warp Prism (Chrono Boost)  
  87  6:14  Templar Archives  
  87  6:16  Probe x2  
  89  6:21  Gateway  
  89  6:23  Gateway  
  89  6:25  Probe  
  90  6:28  Probe x2  
  90  6:31  Pylon  
  90  6:32  Zealot  
  94  6:34  Zealot x2  
  94  6:38  Zealot  
  100  6:43  Pylon  
  100  6:53  Nexus  
  100  6:54  High Templar  
  100  6:55  High Templar x4  
  100  6:58  High Templar  
  100  7:00  Archon  
  100  7:01  Archon  
  112  7:03  Archon  
  112  7:06  Pylon  
  112  7:07  Protoss Ground Weapons Level 2 (Chrono Boost)  
  112  7:09  Shield Battery  
  112  7:12  Photon Cannon  
  112  7:21  Zealot x2  
  116  7:27  Zealot x4  
  116  7:29  Probe  
  124  7:33  Pylon  
  124  7:37  Robotics Bay  
  124  7:38  Probe  
  124  7:40  Robotics Facility, Probe  
  126  7:47  Nexus  
  126  7:52  High Templar x2  
  126  7:57  Archon  
  130  7:58  High Templar  
  130  7:59  High Templar  
  130  8:00  Zealot x3  
  130  8:03  Archon  
  130  8:05  Probe  
  141  8:07  Pylon  
  141  8:08  Photon Cannon  
  141  8:10  Pylon  
  141  8:16  Pylon  
  141  8:20  Assimilator  
  141  8:25  Assimilator, Probe  
  141  8:26  Colossus (Chrono Boost)  
  142  8:28  High Templar  
  142  8:31  Colossus (Chrono Boost)  
  154  8:39  Extended Thermal Lance  
  152  8:41  Zealot x3  
  152  8:42  Zealot x2  
  162  8:49  High Templar  
  162  8:58  Archon  
  162  9:02  Pylon  
  160  9:08  Zealot x6  
  160  9:09  Colossus (Chrono Boost)  
  170  9:19  Zealot  
  144  9:24  Zealot  
  144  9:25  Probe x2  
  144  9:30  High Templar x4  
  132  9:36  Archon x2  
  122  9:40  Probe x2 (Chrono Boost)  
  122  9:41  Pylon, Probe (Chrono Boost)  
  122  9:43  Probe (Chrono Boost)  
  116  9:46  High Templar x2  
  116  9:50  Stalker  
  117  9:53  Disruptor (Chrono Boost), Archon  
  117  9:57  Probe x3 (Chrono Boost)  
  117  9:58  Probe (Chrono Boost)  
  124  10:00  Warp Prism (Chrono Boost)  
  124  10:02  Pylon  
  124  10:03  Probe (Chrono Boost)  
  124  10:05  Shield Battery  
  125  10:09  High Templar x2, Zealot x2  
  125  10:11  Probe  
  125  10:12  Archon  
  134  10:19  Disruptor (Chrono Boost)  
  138  10:22  Zealot x2  
  138  10:24  Pylon  
  138  10:27  Protoss Ground Weapons Level 3 (Chrono Boost)  
  140  10:38  Zealot x3  
  146  10:47  Zealot x2  
  138  10:52  Zealot x3  
  138  11:03  Zealot  
  134  11:04  Probe x2  
  134  11:05  Probe  
  134  11:07  Disruptor (Chrono Boost)  
  139  11:11  High Templar x2  
  139  11:12  Pylon  
  139  11:13  High Templar  
  139  11:15  High Templar  
  147  11:21  Archon  
  147  11:22  Archon  
  147  11:25  Disruptor (Chrono Boost)  
  147  11:30  High Templar x2  
  147  11:32  Probe x2  
  153  11:35  Gateway, Adept, Pylon  
  153  11:37  Disruptor (Chrono Boost), Archon, Gateway  
  159  11:52  High Templar x2  
  159  11:53  Zealot x2  
  165  11:56  Archon  
  165  11:57  Observer  
  166  12:13  Observer  
  165  12:17  High Templar  
  165  12:18  High Templar, Zealot x4  
  165  12:22  Gateway  
  171  12:23  Gateway, Archon  
  171  12:25  Immortal  
  171  12:26  Pylon  
  171  12:28  Probe x2  
  137  13:01  High Templar x6  
  137  13:04  Zealot x4  
  137  13:05  Archon x3  
  151  13:10  Disruptor (Chrono Boost), Probe  
  136  13:22  Disruptor (Chrono Boost)  
  136  13:26  Zealot x5  
  136  13:27  Zealot  
  148  13:28  Blink  
  148  13:42  High Templar x2  
  148  13:47  Zealot x6  
  148  13:48  Zealot x4  
  147  13:59  Nexus  
  105  14:04  Probe x2  
  105  14:06  Archon  
  105  14:08  Zealot x8  
  106  14:12  Probe  
  106  14:14  Probe  
  103  14:18  Probe  
  103  14:24  High Templar x2  
  108  14:31  High Templar x3  
  108  14:32  High Templar  
  108  14:37  Archon  
  106  14:49  Zealot x6  
  106  14:50  Archon x2  
  102  14:56  Disruptor (Chrono Boost), High Templar x2  
  106  15:01  Archon  
  106  15:03  Disruptor (Chrono Boost)  
  110  15:07  Stalker  
  110  15:11  Zealot x3  
  118  15:20  High Templar x2  
  122  15:23  Probe  
  122  15:24  Probe  
  122  15:25  Probe x2  
  122  15:28  Archon  
  126  15:35  Zealot  
  126  15:36  Probe x2  
  126  15:38  Warp Prism  
  121  15:45  High Templar x2  
  124  15:51  Archon  
  120  15:57  High Templar x2  
  126  16:04  Archon, Probe x2 (Chrono Boost)  
  126  16:06  Probe (Chrono Boost)  
  126  16:11  Probe (Chrono Boost)  
  128  16:15  Stalker x2  
  128  16:16  Stalker  
  128  16:17  Probe x2 (Chrono Boost)  
  136  16:22  Probe  
  120  16:26  Probe  
  115  16:33  Zealot  
  115  16:34  Zealot x2  
  115  16:39  Zealot  
Show
View Real Time Build Order
Export as new Build Order

Elazer Zerg - Winner!

Build Orders: Hatch First 

Get SALT Encoding   

  12  0:00  Drone  
  13  0:12  Overlord  
  13  0:17  Drone  
  14  0:30  Drone x2  
  16  0:49  Hatchery  
  15  0:51  Drone  
  15  0:55  Drone  
  17  0:59  Drone  
  18  1:09  Extractor  
  17  1:14  Spawning Pool  
  17  1:18  Drone  
  17  1:21  Drone  
  18  1:27  Drone  
  19  1:38  Drone  
  20  1:50  Drone  
  21  2:01  Zergling x2, Queen x2  
  25  2:02  Overlord  
  26  2:12  Drone x2, Metabolic Boost  
  28  2:21  Drone  
  28  2:22  Drone  
  30  2:33  Hatchery  
  29  2:40  Queen  
  31  2:45  Drone x2  
  31  2:48  Overlord  
  33  2:53  Zergling x2  
  33  2:54  Zergling x2  
  33  2:57  Zergling x2  
  36  3:06  Queen, Overlord  
  36  3:12  Drone  
  39  3:13  Drone x2  
  40  3:24  Drone x3  
  41  3:32  Drone x2  
  43  3:40  Drone x4  
  47  3:45  Drone x2  
  48  3:50  Queen  
  48  3:53  Spore Crawler  
  49  3:56  Overlord  
  49  4:00  Drone x3  
  52  4:06  Drone x4  
  52  4:08  Drone  
  56  4:14  Drone x3  
  59  4:17  Drone x2  
  61  4:24  Zergling x2  
  61  4:26  Drone x3, Hatchery  
  61  4:29  Queen  
  66  4:33  Overlord  
  66  4:42  Overlord  
  66  4:48  Overlord  
  66  4:52  Zergling x16  
  74  4:56  Spore Crawler  
  74  4:57  Drone  
  74  4:58  Overlord  
  74  5:01  Drone x5  
  74  5:15  Drone x4  
  74  5:18  Drone x5  
  82  5:21  Lair  
  82  5:28  Extractor  
  81  5:29  Roach Warren  
  81  5:30  Drone x5  
  84  5:38  Extractor  
  84  5:40  Extractor x2  
  79  5:45  Zergling x2  
  79  5:46  Zergling x18  
  87  5:53  Zergling x6  
  87  6:00  Drone x2  
  89  6:10  Drone x6, Evolution Chamber  
  89  6:11  Drone  
  95  6:15  Drone x3  
  98  6:21  Drone x6  
  104  6:26  Overlord x2  
  104  6:27  Glial Reconstitution  
  104  6:29  Baneling Nest  
  104  6:31  Drone  
  104  6:33  Extractor  
  104  6:34  Drone  
  104  6:35  Overlord  
  104  6:38  Zerg Missile Weapons Level 1  
  104  6:39  Hatchery  
  103  6:41  Drone, Overlord  
  103  6:46  Drone x4  
  107  6:47  Roach x2  
  107  6:48  Roach x4  
  107  6:51  Overlord  
  118  6:55  Zergling x6  
  118  7:01  Zergling x12  
  126  7:04  Extractor  
  126  7:05  Roach  
  126  7:07  Overseer  
  127  7:09  Roach x4  
  127  7:11  Roach x2  
  127  7:13  Overlord, Spine Crawler  
  127  7:14  Roach x2  
  142  7:16  Baneling x6  
  142  7:19  Roach  
  143  7:30  Overlord x2  
  143  7:31  Overlord x2  
  139  7:40  Roach x6  
  139  7:42  Overlord  
  151  7:44  Centrifugal Hooks  
  151  7:47  Ravager  
  152  7:52  Roach  
  152  7:53  Zergling x6, Roach x7  
  152  7:54  Ravager  
  172  8:04  Zergling x16  
  179  8:10  Zergling x8  
  183  8:15  Zergling x2  
  183  8:16  Zergling x4  
  183  8:18  Baneling x11  
  186  8:23  Zergling x16  
  186  8:25  Overlord x2  
  193  8:36  Overlord  
  193  8:37  Zerg Melee Weapons Level 1  
  193  8:46  Baneling x28  
  192  8:53  Zergling x16  
  199  8:56  Baneling x4  
  188  9:21  Roach x12  
  182  9:24  Roach x5  
  182  9:25  Roach x4  
  172  9:33  Roach x8  
  181  9:42  Zergling x6  
  178  9:48  Drone x6  
  182  9:54  Drone x5, Infestation Pit  
  182  9:56  Queen x2  
  190  10:06  Drone x8  
  198  10:09  Ravager  
  199  10:25  Evolution Chamber, Ravager x2  
  192  10:56  Zergling x22  
  192  10:57  Zergling x20  
  191  11:00  Hive  
  181  11:05  Zergling x18  
  181  11:10  Zerg Melee Weapons Level 2  
  181  11:11  Zerg Missile Weapons Level 2  
  172  11:12  Ravager x2  
  172  11:15  Ravager  
  172  11:16  Roach x5  
  177  11:28  Roach x6  
  177  11:31  Baneling x36  
  189  11:40  Zergling x22  
  200  11:49  Spore Crawler  
  200  11:53  Baneling x20  
  196  12:12  Zergling x8  
  196  12:13  Adrenal Glands  
  166  12:47  Roach x2  
  166  12:48  Roach x11  
  166  12:51  Zergling x50  
  185  12:56  Zergling x10  
  183  13:08  Zergling x26  
  192  13:18  Zergling x10  
  194  13:24  Baneling x33  
  194  13:25  Baneling  
  192  13:28  Zergling x14  
  199  13:37  Baneling x21  
  182  13:57  Zergling x24  
  163  14:06  Roach x10  
  141  14:12  Roach x2  
  137  14:18  Roach x3  
  137  14:23  Roach x2  
  139  14:30  Ravager  
  139  14:31  Roach x13  
  161  14:34  Queen x2  
  161  14:35  Queen  
  166  14:43  Zergling x10  
  166  14:52  Zergling x6  
  163  14:59  Zergling x22  
  172  15:02  Baneling x6  
  172  15:04  Ravager x3  
  175  15:08  Drone x4  
  175  15:11  Hatchery  
  178  15:19  Drone x2  
  180  15:23  Zergling x8  
  184  15:29  Baneling x18  
  184  15:30  Hatchery  
  184  15:35  Zergling x10  
  188  15:54  Zergling x4  
  188  15:55  Zergling x26  
  173  16:26  Zergling x4  
  173  16:27  Zergling x26  
Tags
 
Add a new tag
Caveats
  • Supply blocks, unpowered buildings, or Contaminate may cause inaccurate times.
  • Supply counts are checked every 10 seconds.